 Dungeon Crawl Stone Soup version 0.30-a0-371-gad7725a93e (webtiles) character file.

Game seed: 131921951177036359

10379 Lobster4 the Frost Mage (level 11, -4/83 HPs)
             Began as a Human Ice Elementalist on Nov 22, 2022.
             Was a Priest of Nemelex Xobeh.
             Slain by a wolf (6 damage)
             ... on level 2 of the Lair of Beasts.
             The game lasted 00:51:32 (14121 turns).

Lobster4 the Frost Mage (Human Ice Elementalist)   Turns: 14121, Time: 00:51:32

Health: -4/83      AC: 13    Str: 10    XL:     11   Next: 91%
Magic:  3/20       EV: 12    Int: 18    God:    Nemelex Xobeh [***...]
Gold:   438        SH:  0    Dex: 14    Spells: 12/22 levels left

rFire   . . .      SeeInvis .    a - +4 flail
rCold   + . .      Faith    .    (no shield)
rNeg    . . .      Spirit   .    F - +2 ring mail of Feasting {rPois Will+}
rPois   +          Reflect  .    E - +2 hat
rElec   .          Harm     .    s - +1 cloak
rCorr   .          Rampage  .    (no gloves)
Will    +....                    K - +0 pair of boots
Stlth   +.........               (no amulet)
HPRegen 0.33/turn                d - ring of protection from cold
MPRegen 0.17/turn                v - ring of flight

@: freezing walls, flying, very slightly contaminated
A: no striking features
a: Renounce Religion, Draw Escape, Draw Destruction, Draw Summoning, Triple Draw


You were on level 2 of the Lair of Beasts.
You worshipped Nemelex Xobeh.
Nemelex Xobeh was most pleased with you.
You visited 2 branches of the dungeon, and saw 11 of its levels.

You collected 438 gold pieces.

Inventory:

Hand Weapons
 a - a +4 flail (weapon)
 b - a +0 sling
 e - a +3 great sword
 h - a +3 long sword
 p - a +3 whip of electrocution
 y - a +1 short sword of draining
 A - a +1 hand axe of flaming
 P - a +0 shortbow
Missiles
 f - 6 boomerangs of dispersal
 i - a curare-tipped dart
 u - 4 javelins
 D - 14 poisoned darts (quivered)
 N - 4 boomerangs
Armour
 s - a +1 cloak (worn)
 B - the +0 scale mail "Hysoatoa" {rElec rCorr}
   (You found it on level 1 of the Lair of Beasts)

   rElec:     It insulates you from electricity.
   rCorr:     It protects you from acid and corrosion.
 E - a +2 hat (worn)
 F - the +2 ring mail of Feasting (worn) {rPois Will+}
   (You took it off an orc on level 6 of the Dungeon)

   rPois:     It protects you from poison.
   Will:      It increases your willpower.
 G - +0 acid dragon scales
 J - the +1 robe of Yvuror Cint {rElec rC++ Slay-4 SInv}
   (You took it off a wight on level 6 of the Dungeon)

   Slay:      It affects your accuracy & damage with ranged weapons and melee
   (-4).
   rC:        It greatly protects you from cold.
   rElec:     It insulates you from electricity.
   SInv:      It lets you see invisible.
 K - a +0 pair of boots (worn)
 S - +0 steam dragon scales
Jewellery
 d - a ring of protection from cold (left hand)
 j - a +6 ring of dexterity
 n - a ring of poison resistance
 v - a ring of flight (right hand)
 w - a ring of willpower
 H - a ring of fire
 M - a ring of magical power
 U - a +6 ring of strength
Wands
 r - a wand of flame (37)
 x - a wand of digging (5)
 z - a wand of acid (12)
 I - a wand of mindburst (3)
 O - a wand of charming (6)
 R - a wand of roots (18)
Scrolls
 C - a scroll of enchant weapon
 L - 2 scrolls of magic mapping
 Q - 2 scrolls of butterflies
 T - a scroll of immolation
Potions
 c - 2 potions of brilliance {unknown}
 g - 4 potions of mutation {unknown}
 l - 2 potions of flight {unknown}
 m - a potion of magic
 o - a potion of berserk rage {unknown}
 q - a potion of might {unknown}
 t - a potion of lignification {unknown}


   Skills:
 + Level 6.5 Fighting
 - Level 2.0 Long Blades
 - Level 0.6(1.0) Axes
 - Level 1.0(1.1) Maces & Flails
 - Level 2.0 Ranged Weapons
 - Level 1.0 Throwing
 + Level 5.6 Armour
 + Level 5.6 Dodging
 - Level 2.0 Stealth
 + Level 6.3 Spellcasting
 - Level 3.0 Conjurations
 + Level 8.0 Ice Magic
 + Level 5.7 Air Magic
 + Level 3.7 Poison Magic
 - Level 5.0 Invocations
 + Level 5.2 Evocations


You had 12 spell levels left.
You knew the following spells:

 Your Spells              Type           Power      Damage    Failure   Level
a - Freeze                Ice            100%       1d10      1%          1
b - Frozen Ramparts       Ice            68%        1d11      3%          3
c - Shock                 Conj/Air       84%        1d8       4%          1
d - Ozocubu's Armour      Ice            34%        N/A       3%          3
e - Poisonous Vapours     Pois/Air       44%        N/A       6%          2

Your spell library contained the following spells:

 Spells                   Type           Power      Damage    Failure   Level
 Swiftness                Air            26%        N/A       8%          3
 Sting                    Tmut/Pois      48%        1d5       13%         1
 Kiss of Death            Conj/Necr      44%        2d8       14%         1
 Airstrike                Air            13%        2d(2-18)  26%         4
 Summon Ice Beast         Ice/Summ       20%        N/A       45%         4
 Olgreb's Toxic Radiance  Pois           19%        N/A       50%         4
 Confusing Touch          Hex            5%         N/A       63%         3
 Metabolic Englaciation   Hex/Ice        10%        N/A       82%         5
 Dispel Undead            Necr           5%         3d7       95%         4
 Simulacrum               Ice/Necr       10%        N/A       100%        6


Dungeon Overview and Level Annotations

Branches:
Dungeon (9/15)             Temple (0/1) D:5            Lair (2/5) D:8
  Swamp: Lair:2-3    Shoals: Lair:2-3     Snake: Lair:2-3    Spider: Lair:2-3
    Orc: D:9-12

Altars:
Cheibriados
Elyvilon
Makhleb
Nemelex Xobeh
Qazlal
Sif Muna
Uskayaw

Shops:
D:5 *


Message History

The wall freezes the wolf but does no damage.
The wolf bites you but does no damage.
The wall freezes the wolf.
The wolf closely misses you.
The wall freezes the wolf.
You kill the wolf!
The wall freezes the wolf but does no damage. x2
The wall freezes the wolf.
The wolf bites you.
* * * LOW HITPOINT WARNING * * *
The wall freezes the wolf.
The wolf closely misses you.
You feel better.
The wall freezes the wolf but does no damage.
The wolf bites you but does no damage.
The wall freezes the wolf but does no damage.
The wolf misses you.
The wall freezes the wolf.
The wolf bites you but does no damage.
The wall freezes the wolf but does no damage.
The wolf barely misses you.
The wall freezes the wolf.
The wolf barely misses you.
The wall freezes the wolf.
The wolf bites you but does no damage.
You miss the wolf.
The wolf is severely wounded.
The frozen ramparts melt away.
The wolf completely misses you. The wolf bites you.
* * * LOW HITPOINT WARNING * * *
The wolf barely misses you. The wolf bites you but does no damage.
The wolf bites you.
* * * LOW HITPOINT WARNING * * *
The wolf barely misses you.
Casting: Freeze (safe; 1% risk of failure)
Confirm with . or Enter, or press ? or * to list all spells.
Casting: Frozen Ramparts (mildly dangerous; 3% risk of failure)
Press: ? - help, Dir - look around, f - activate The walls around you are covered in ice.
The wall freezes the wolf.
The wolf bites you but does no damage.
The wall freezes the wolf.
The wolf bites you.
* * * LOW HITPOINT WARNING * * *
The wall freezes the wolf.
The wolf bites you but does no damage.
The wall freezes the wolf but does no damage.
The wolf bites you.
You die...
Your body glows with a rainbow of weird colours and disappears.

#...... ##......#
#.......#
#........
........#
.....#..# ....
.......h## ....
.......h@# ....
.......h## ..P
$.#.#....# .. ..
.........# .# ..P
........##
.##..####.......#
................#
.......##.#.P.P.#
................#


You could see 3 wolves.

Vanquished Creatures
  Pikel (D:6)
  2 black mambas
  4 cane toads
  A rime drake (Lair:1)
  Maggie (D:6)
  A hornet (D:9)
  A polar bear (Lair:2)
  Grinder (D:4)
  3 wyverns
  11 yaks
  Eustachio (D:6)
  A basilisk (Lair:2)
  A steam dragon (D:8)
  5 water moccasins (Lair:1)
  A sky beast (D:6)
  2 ice beasts
  An orc warrior (D:8)
  4 black bears
  2 ogres
  4 lemures
  8 wolves
  A centaur (D:7)
  2 bullfrogs (Lair:1)
  2 kobold brigands
  2 necrophages
  5 scorpions
  9 wights (D:6)
  4 killer bees (D:8)
  6 howler monkeys
  2 centaur zombies (D:9)
  A hound (D:7)
  3 orc priests
  2 jellies
  2 gnoll boudas
  Jessica (D:3)
  4 iguanas
  7 orc wizards
  Ijyb (D:3)
  Natasha (thrice) (D:4)
  6 gnolls
  5 adders
  A shadow imp (D:6)
  A white imp (D:5)
  An ufetubus (D:6)
  2 worms (D:2)
  2 dart slugs
  30 orcs
  6 bats
  5 endoplasms
  10 giant cockroaches
  2 goblins
  11 hobgoblins
  6 jackals
  16 kobolds
  8 quokkas
  4 ball pythons
  5 frilled lizards
  3 rats
237 creatures vanquished.

Vanquished Creatures (others)
  18 fungi
  20 plants
38 creatures vanquished.

Grand Total: 275 creatures vanquished

Notes
Turn   | Place    | Note
-------+----------+-------------------------------------------
     0 | D:1      | Lobster4 the Human Ice Elementalist began the quest for the
                  | Orb.
     0 | D:1      | Reached XP level 1. HP: 13/13 MP: 3/3
   126 | D:1      | Reached XP level 2. HP: 20/20 MP: 3/5
   519 | D:1      | Reached XP level 3. HP: 25/25 MP: 6/6
   849 | D:1      | Reached skill level 1 in Fighting
  1112 | D:2      | Reached skill level 1 in Armour
  1341 | D:2      | Reached XP level 4. HP: 29/32 MP: 4/7
  1511 | D:2      | Reached skill level 1 in Throwing
  2091 | D:3      | Reached XP level 5. HP: 31/37 MP: 4/8
  2337 | D:3      | Learned a level 3 spell: Frozen Ramparts
  2355 | D:3      | Found a hide-covered altar of Uskayaw.
  2358 | D:3      | Found a stormy altar of Qazlal.
  2399 | D:3      | Noticed Ijyb
  2647 | D:3      | Found a burning altar of Makhleb.
  2690 | D:3      | Noticed Jessica
  2692 | D:3      | Killed Jessica
  2866 | D:3      | Found a sparkling altar of Nemelex Xobeh.
  2870 | D:3      | Found a snail-covered altar of Cheibriados.
  2871 | D:3      | Found a white marble altar of Elyvilon.
  2969 | D:3      | Noticed an ice beast
  3176 | D:4      | Reached XP level 6. HP: 42/44 MP: 6/10
  3407 | D:4      | Noticed an ogre
  3436 | D:3      | Became a worshipper of Nemelex Xobeh the Trickster
  3465 | D:4      | Killed an ogre
  3466 | D:4      | Reached skill level 1 in Maces & Flails
  3466 | D:4      | Reached skill level 5 in Ice Magic
  3466 | D:4      | Reached XP level 7. HP: 20/51 MP: 1/11
  3692 | D:4      | Noticed Grinder
  3904 | D:4      | Noticed Natasha
  3917 | D:3      | Reached skill level 1 in Invocations
  3917 | D:3      | Reached skill level 1 in Evocations
  4000 | D:4      | Killed Natasha
  4147 | D:4      | Learned a level 1 spell: Shock
  4324 | D:4      | Noticed Natasha
  4344 | D:5      | Entered Level 5 of the Dungeon
  4786 | D:5      | Found Saet's General Store.
  4813 | D:5      | Reached * piety under Nemelex Xobeh
  4830 | D:5      | Reached skill level 1 in Air Magic
  4830 | D:5      | Reached XP level 8. HP: 58/58 MP: 7/13
  5090 | D:5      | Received a gift from Nemelex Xobeh
  5189 | D:5      | Reached skill level 1 in Conjurations
  5430 | D:5      | Found a staircase to the Ecumenical Temple.
  5653 | D:6      | Noticed Maggie
  5903 | D:6      | Noticed Eustachio
  5905 | D:6      | Noticed Pikel
  6304 | D:6      | Identified the +2 ring mail of Feasting {rPois Will+}
  6313 | D:6      | Killed Eustachio
  6325 | D:6      | Killed Maggie
  6326 | D:6      | Reached XP level 9. HP: 44/65 MP: 0/15
  6490 | D:6      | Received a gift from Nemelex Xobeh
  6868 | D:6      | Killed Pikel
  6869 | D:6      | Reached skill level 6 in Ice Magic
  7124 | D:6      | Identified the +1 robe of Yvuror Cint {rElec rC++ Slay-4
                  | SInv}
  7761 | D:6      | Reached ** piety under Nemelex Xobeh
  8085 | D:7      | Reached XP level 10. HP: 73/73 MP: 12/17
  8173 | D:7      | Learned a level 3 spell: Ozocubu's Armour
  8263 | D:7      | Reached skill level 1 in Long Blades
  8488 | D:7      | Received a gift from Nemelex Xobeh
  8604 | D:7      | Reached skill level 5 in Spellcasting
  8609 | D:7      | Reached skill level 1 in Ranged Weapons
  8852 | D:7      | Reached skill level 5 in Fighting
  8996 | D:7      | Reached skill level 5 in Armour
  8996 | D:7      | Reached skill level 5 in Dodging
  9472 | D:8      | Found a shimmering blue altar of Sif Muna.
  9562 | D:8      | Learned a level 2 spell: Poisonous Vapours
  9874 | D:8      | Reached skill level 7 in Ice Magic
  9997 | D:8      | Received a gift from Nemelex Xobeh
 10017 | D:8      | Reached skill level 1 in Poison Magic
 10100 | D:8      | Found a staircase to the Lair.
 10982 | D:4      | Killed Grinder
 11026 | D:3      | Killed Ijyb
 11677 | D:4      | Killed Natasha
 11742 | D:4      | Noticed Natasha
 11749 | D:4      | Killed Natasha
 12302 | Lair:1   | Entered Level 1 of the Lair of Beasts
 12302 | Lair:1   | Noticed a cane toad
 12408 | D:8      | Killed a cane toad
 12409 | D:8      | Reached XP level 11. HP: 23/81 MP: 8/19
 12673 | Lair:1   | Identified the +0 scale mail "Hysoatoa" {rElec rCorr}
 12683 | Lair:1   | Reached skill level 5 in Air Magic
 12968 | Lair:1   | Received a gift from Nemelex Xobeh
 13090 | Lair:1   | Reached *** piety under Nemelex Xobeh
 13215 | Lair:1   | Reached skill level 5 in Evocations
 13781 | Lair:1   | Reached skill level 8 in Ice Magic
 14031 | Lair:2   | HP: 3/83 [polar bear (3)]
 14034 | Lair:2   | Reached skill level 5 in Invocations
 14118 | Lair:2   | HP: 3/83 [wolf (6)]
 14121 | Lair:2   | Slain by a wolf

Illustrated notes

Levels and vault maps discovered:
D:1:      amcnicky_arrival_abandoned_market, layout_rooms
D:2:      layout_basic
D:3:      layout_loops_cross, general_overflow_altar,
          nicolae_overflow_hidden_temple, st_stairs_14,
          minmay_misc_feat_hallway, uniq_jessica, uniq_ijyb
D:4:      layout_basic, uniq_natasha, uniq_grinder
D:5:      layout_basic, temple_hall_moat, serial_shops, shop, nrook_mini_vaults,
          chequers_serial_rivers_large_a, grunt_decor_clamped
D:6:      layout_cave_pools, uniq_pikel, uniq_eustachio, uniq_maggie
D:7:      layout_basic
D:8:      layout_basic, mainiacjoe_overflow_cross_hatched,
          grunt_lair_entry_orc_guard_hut
D:9:      layout_rooms, serial_undead, serial_undead_f, serial_undead_d,
          serial_undead_e, serial_undead_c, serial_undead_a, serial_undead_c,
          serial_undead_b, st_stairs_8
Lair:1:   layout_misc_corridors
Lair:2:   layout_long_grid, minmay_shoals_entry_lonely_mermaid,
          nicolae_quartered_pool_impasse

Skill      XL: |  1  2  3  4  5  6  7  8  9 10 11 |
---------------+----------------------------------+-----
Fighting       | 1 2 3 4 5 6 |  6.5
Armour         | 1 2 3 4 5 |  5.6
Throwing       | 1 |  1.0
Dodging        | 3 4 5 |  5.6
Spellcasting   | 3 4 5 6 |  6.3
Maces & Flails | 1 |  1.0
Ice Magic      | 5 6 7 8 |  8.0
Invocations    | 1 3 5 |  5.0
Evocations     | 1 2 3 4 5 |  5.2
Air Magic      | 1 2 3 4 5 |  5.7
Conjurations   | 2 3 |  3.0
Long Blades    | 2 |  2.0
Ranged Weapons | 2 |  2.0
Poison Magic   | 2 3 |  3.7
Axes           | |  0.6
Stealth        | |  2.0

Action                   |  1- 3 |  4- 6 |  7- 9 | 10-12 || total
-------------------------+-------+-------+-------+-------++-------
Melee: Unarmed           |     1 |       |       |       ||     1
       Whip              |    21 |    56 |    16 |       ||    93
       Dagger            |     4 |       |       |       ||     4
       Punch             |       |     2 |       |       ||     2
       Hand axe          |       |       |    45 |       ||    45
       Flail             |       |       |     1 |     9 ||    10
 Fire: Sling             |       |       |     3 |    16 ||    19
Throw: Stone             |       |     4 |       |       ||     4
       Dart              |       |       |    16 |       ||    16
       Javelin           |       |       |     5 |       ||     5
 Cast: Freeze            |    52 |    63 |   106 |   163 ||   384
       Frozen Ramparts   |       |     2 |    24 |    44 ||    70
       Shock             |       |       |    57 |    94 ||   151
       Ozocubu's Armour  |       |       |       |    10 ||    10
Invok: Draw Destruction  |       |       |       |     1 ||     1
Evoke: Wand              |       |       |     2 |     3 ||     5
  Use: Scroll            |       |     7 |     3 |     5 ||    15
       Potion            |       |       |     4 |     3 ||     7
 Stab: Sleeping          |     3 |     3 |     2 |       ||     8
       Distracted        |       |     1 |       |       ||     1
Armor: Robe              |    14 |    19 |    10 |       ||    43
       Leather armour    |       |       |    21 |       ||    21
       Ring mail         |       |       |    23 |   139 ||   162
Dodge: Dodged            |    32 |    56 |   146 |   178 ||   412

Table legend: (Time is in decaauts)
 A = Elapsed time spent in this place.
 B = Non-inter-level travel time spent in this place.
 C = Inter-level travel time spent in this place.
 D = Time resting spent in this place.
 E = Time spent auto-exploring this place.
 F = Levels seen in this place.
 G = Mean time per level.
                   A        B        C        D        E       F      G
               +--------+--------+--------+--------+--------+-----+--------+
         Total |  14187 |  13009 |   1178 |   4114 |   6143 |  11 | 1289.7 |
       Dungeon |  12787 |  11662 |   1125 |   3796 |   5487 |   9 | 1420.8 |
          Lair |   1399 |   1347 |     52 |    318 |    656 |   2 |  699.5 |
               +--------+--------+--------+--------+--------+-----+--------+

Top non-repeatable levels by time:
     D:5: 2394 daAuts
     D:4: 1841 daAuts
     D:8: 1693 daAuts
     D:7: 1449 daAuts
     D:3: 1429 daAuts
     D:6: 1429 daAuts
     D:2: 1370 daAuts
  Lair:1: 1109 daAuts
     D:1: 1014 daAuts
  Lair:2: 290 daAuts
     D:9: 163 daAuts
